 Dungeon Crawl Stone Soup version 0.30-a0-304-gdc4b735fe1 (webtiles) character file.

Game seed: 14816683263845713049

455 Sobieck the Sneak (level 7, 0/40 HPs)
             Began as a Kobold Earth Elementalist on Oct 20, 2022.
             Slain by a kobold brigand
             ... wielding a +0 club
              (6 damage)
             ... on level 3 of the Dungeon.
             The game lasted 00:07:39 (3455 turns).

Sobieck the Sneak (Kobold Earth Elementalist)       Turns: 3455, Time: 00:07:39

Health: 0/40       AC:  2    Str:  5    XL:     7   Next: 26%
Magic:  10/12      EV: 15    Int: 19    God:
Gold:   138        SH:  0    Dex: 15    Spells: 7/13 levels left

rFire   . . .      SeeInvis .    a - +3 dagger {short}
rCold   . . .      Faith    .    (no shield)
rNeg    . . .      Spirit   .    B - +0 robe
rPois   .          Reflect  .    (no helmet)
rElec   .          Harm     .    (no cloak)
rCorr   .          Rampage  .    (no gloves)
Will    .....                    (no boots)
Stlth   ++++......               (no amulet)
HPRegen 0.26/turn                (no ring)
MPRegen 0.13/turn                (no ring)

@: no status effects
A: small, no large weapons, nightstalker 3
a: no special abilities


You were on level 3 of the Dungeon.
You visited 1 branch of the dungeon, and saw 3 of its levels.

You collected 138 gold pieces.


Innate Abilities, Weirdness & Mutations

You are small and have problems with some larger weapons.
You are completely attuned to the shadows.


   Skills:
 + Level 2.1 Fighting
 - Level 3.0 Short Blades
 - Level 2.4 Dodging
 + Level 5.0 Stealth
 + Level 3.6 Spellcasting
 + Level 2.8 Conjurations
 - Level 1.0 Transmutations
 + Level 4.5 Earth Magic


You had 7 spell levels left.
You knew the following spells:

 Your Spells              Type           Power      Damage    Failure   Level
a - Sandblast             Erth           40%        2d10      2%          1
b - Passwall              Tmut/Erth      10%        N/A       7%          2
c - Stone Arrow           Conj/Erth      34%        3d9       10%         3

Your spell library contained the following spells:

 Spells                   Type           Power      Damage    Failure   Level
 Shock                    Conj/Air       32%        1d5       9%          1
 Swiftness                Air            3%         N/A       41%         3
 Petrify                  Tmut/Erth      13%        N/A       43%         4
 Animate Armour           Summ/Erth      22%        N/A       50%         4
 Airstrike                Air            1%         2d(1-17)  82%         4
 Lehudib's Crystal Spear  Conj/Erth      8%         10d4      100%        8

Inventory:

Hand Weapons
 a - a +3 dagger (weapon) {short}
   (You took it off an orc on level 3 of the Dungeon)
 c - a +0 short sword {short}
   (You took it off a kobold on level 1 of the Dungeon)
 n - a +0 dagger {short}
   (You took it off a goblin on level 1 of the Dungeon)
Missiles
 d - 19 stones {throwing}
 k - 8 poisoned darts {throwing}
Armour
 e - a +0 pair of gloves
   (You found it on level 1 of the Dungeon)
 p - a +0 robe
   (You found it on level 2 of the Dungeon)
 u - a +0 robe
   (You found it on level 2 of the Dungeon)
 v - a +0 robe
   (You found it on level 3 of the Dungeon)
 z - a +0 scale mail
   (You found it on level 3 of the Dungeon)
 A - a +0 ring mail
   (You found it on level 3 of the Dungeon)
 B - a +0 robe (worn)
 C - a +0 chain mail
   (You took it off an orc on level 3 of the Dungeon)
 D - a +0 robe
   (You took it off an orc wizard on level 3 of the Dungeon)
 E - a +0 leather armour
   (You took it off an orc on level 3 of the Dungeon)
 F - a +0 leather armour
   (You took it off an orc priest on level 3 of the Dungeon)
 H - a +0 leather armour
   (You found it on level 3 of the Dungeon)
Magical Staves
 t - a staff of air {!astaff}
   (You found it on level 2 of the Dungeon)
 x - a staff of conjuration {!a@e2staff}
   (You found it on level 3 of the Dungeon)
Scrolls
 i - 3 scrolls of enchant armour {unknown}
 j - 2 scrolls of brand weapon {unknown}
 m - 2 scrolls of fear {unknown}
 q - 3 scrolls of blinking {unknown}
 r - 2 scrolls of enchant weapon {unknown}
 s - a scroll of poison {unknown}
 w - a scroll of identify {unknown}
 y - 2 scrolls of magic mapping {unknown}
Potions
 f - a potion of brilliance {unknown}
 g - a potion of haste {unknown}
 h - a potion of lignification {unknown}
 l - 3 potions of curing {unknown}
 o - 2 potions of mutation {unknown}
 G - 3 potions of attraction {unknown}

Dungeon Overview and Level Annotations

Branches:
Dungeon (3/15) Zot: 14473

Altars:

Annotations:
D:1 Terence
D:2 1 runed translucent door, Crazy Yiuf

##.~~#.)#
##..~~##))
#..~~~≈#
######
###.#~~≈≈#
#....#
#....~~≈≈#
####..
#.####~~##
#..... #K#
~~#
##.....
#K#
#......
##@#
##......
#.†#
#~......
#.##
#~####..
#.#
#~~###.#
#.#
#~~~##.#
#.#
.##≈~~##.#
#.#
#≈~~~....
#.#
.##≈~~##.#
#.###
#~~~##.#


You could see a kobold brigand and a kobold.


Message History

You are very lightly contaminated with residual magic.
Nothing appears to happen.
You feel sick.
The kobold brigand throws a poisoned dart.
The poisoned dart misses you.
Casting: Sandblast (safe; 2% risk of failure)
Confirm with . or Enter, or press ? or * to list all spells.
Aiming: Sandblast (safe; 2% risk of failure)
Press: ? - help, Shift-Dir - straight line, f/p - kobold brigand
Aim: a kobold brigand, wielding a +0 club, wearing a +0 scale mail and quivering poisoned darts (moderately wounded, 81% to hit)
The blast of sand hits the kobold brigand but does no damage.
You feel sick.
The kobold brigand hits you with a +0 club.
Unknown command.
You hit the kobold brigand. You hit the kobold brigand.
You feel sick.
The kobold brigand completely misses you.
Casting: Sandblast (safe; 2% risk of failure)
Confirm with . or Enter, or press ? or * to list all spells.
Aiming: Sandblast (safe; 2% risk of failure)
Press: ? - help, Shift-Dir - straight line, f/p - kobold brigand
Aim: a kobold brigand, wielding a +0 club, wearing a +0 scale mail and quivering poisoned darts (heavily wounded, 81% to hit)
The blast of sand hits the kobold brigand but does no damage.
You feel sick. The kobold brigand misses you.
The kobold brigand hits you with a +0 club.
Casting: Sandblast (safe; 2% risk of failure)
Confirm with . or Enter, or press ? or * to list all spells.
Aiming: Sandblast (safe; 2% risk of failure)
Press: ? - help, Shift-Dir - straight line, f/p - kobold brigand
Aim: a kobold brigand, wielding a +0 club, wearing a +0 scale mail and quivering poisoned darts (heavily wounded, 81% to hit)
The blast of sand hits the kobold brigand.
You feel sick.
You are no longer poisoned.
The kobold brigand barely misses you.
Your magical contamination has completely faded away.
Casting: Sandblast (safe; 2% risk of failure)
Confirm with . or Enter, or press ? or * to list all spells.
Aiming: Sandblast (safe; 2% risk of failure)
Press: ? - help, Shift-Dir - straight line, f/p - kobold brigand
Aim: a kobold brigand, wielding a +0 club, wearing a +0 scale mail and quivering poisoned darts (heavily wounded, 81% to hit)
The blast of sand hits the kobold brigand but does no damage.
The kobold brigand closely misses you. x2
Casting: Sandblast (safe; 2% risk of failure)
Confirm with . or Enter, or press ? or * to list all spells.
Aiming: Sandblast (safe; 2% risk of failure)
Press: ? - help, Shift-Dir - straight line, f/p - kobold brigand
Aim: a kobold brigand, wielding a +0 club, wearing a +0 scale mail and quivering poisoned darts (heavily wounded, 81% to hit)
The blast of sand hits the kobold brigand but does no damage.
The kobold brigand hits you with a +0 club.
* * * LOW HITPOINT WARNING * * *
Casting: Sandblast (safe; 2% risk of failure)
Confirm with . or Enter, or press ? or * to list all spells.
Aiming: Sandblast (safe; 2% risk of failure)
Press: ? - help, Shift-Dir - straight line, f/p - kobold brigand
Aim: a kobold brigand, wielding a +0 club, wearing a +0 scale mail and quivering poisoned darts (heavily wounded, 81% to hit)
The blast of sand hits the kobold brigand but does no damage.
The kobold brigand misses you. The kobold brigand barely misses you.
Casting: Sandblast (safe; 2% risk of failure)
Confirm with . or Enter, or press ? or * to list all spells.
Aiming: Sandblast (safe; 2% risk of failure)
Press: ? - help, Shift-Dir - straight line, f/p - kobold brigand
Aim: a kobold brigand, wielding a +0 club, wearing a +0 scale mail and quivering poisoned darts (heavily wounded, 81% to hit)
The blast of sand hits the kobold brigand but does no damage.
The kobold brigand closely misses you.
A kobold comes into view. It is wielding a +0 dagger.
Casting: Sandblast (safe; 2% risk of failure)
Confirm with . or Enter, or press ? or * to list all spells.
Aiming: Stone Arrow (dangerous; 10% risk of failure)
Press: ? - help, Shift-Dir - straight line, f/p - kobold brigand
Aim: a kobold brigand, wielding a +0 club, wearing a +0 scale mail and quivering poisoned darts (heavily wounded, 64% to hit)
The stone arrow hits the kobold brigand.
The kobold shouts!
The kobold brigand hits you with a +0 club.
* * * LOW HITPOINT WARNING * * *
Unknown command.
Magic courses through your body. The kobold brigand barely misses you.
Casting: Stone Arrow (dangerous; 10% risk of failure)
Confirm with . or Enter, or press ? or * to list all spells.
Aiming: Sandblast (safe; 2% risk of failure)
Press: ? - help, Shift-Dir - straight line, f/p - kobold brigand
Aim: a kobold brigand, wielding a +0 club, wearing a +0 scale mail and quivering poisoned darts (heavily wounded, 81% to hit)
The blast of sand hits the kobold brigand but does no damage.
The kobold brigand hits you with a +0 club.
* * * LOW HITPOINT WARNING * * *
The kobold brigand closely misses you.
Casting: Sandblast (safe; 2% risk of failure)
Confirm with . or Enter, or press ? or * to list all spells.
Aiming: Sandblast (safe; 2% risk of failure)
Press: ? - help, Shift-Dir - straight line, f/p - kobold brigand
Aim: a kobold brigand, wielding a +0 club, wearing a +0 scale mail and quivering poisoned darts (heavily wounded, 81% to hit)
The blast of sand hits the kobold brigand but does no damage.
The kobold brigand hits you with a +0 club!
* * * LOW HITPOINT WARNING * * *
Casting: Sandblast (safe; 2% risk of failure)
Confirm with . or Enter, or press ? or * to list all spells.
Aiming: Sandblast (safe; 2% risk of failure)
Press: ? - help, Shift-Dir - straight line, f/p - kobold brigand
Aim: a kobold brigand, wielding a +0 club, wearing a +0 scale mail and quivering poisoned darts (heavily wounded, 81% to hit)
The blast of sand hits the kobold brigand!
The kobold brigand hits you with a +0 club.
You die...

Skill      XL: |  1  2  3  4  5  6  7 |
---------------+----------------------+-----
Stealth        | 3 4 5 |  5.0
Short Blades   | 1 3 |  3.0
Spellcasting   | 3 |  3.6
Conjurations   | 1 2 |  2.8
Earth Magic    | 4 |  4.5
Fighting       | 1 2 |  2.1
Dodging        | |  2.4
Transmutations | |  1.0

Action                   |  1- 3 |  4- 6 |  7- 9 || total
-------------------------+-------+-------+-------++-------
Melee: Unarmed           |    11 |       |       ||    11
       Short sword       |    18 |       |       ||    18
       Dagger            |       |     4 |     3 ||     7
 Cast: Sandblast         |    33 |    56 |    43 ||   132
       Passwall          |     2 |     2 |     1 ||     5
       Stone Arrow       |       |       |     1 ||     1
  Use: Potion            |       |       |     1 ||     1
 Stab: Sleeping          |     7 |     1 |     1 ||     9
Armor: Robe              |     1 |     3 |     3 ||     7
Dodge: Dodged            |    25 |    24 |    23 ||    72

Levels and vault maps discovered:
D:1:      dpeg_arrival_tiny_k, layout_loops_ring, minmay_splitting_lines,
          minivault_4, minmay_pentomino_s2
D:2:      layout_rooms, uniq_crazy_yiuf_cottage, uniq_terence
D:3:      cheibrodos_thug_alley, layout_loops_cross, minmay_misc_feat_cross,
          uniq_grinder

Notes
Turn   | Place    | Note
-------+----------+-------------------------------------------
     0 | D:1      | Sobieck the Kobold Earth Elementalist began the quest for
                  | the Orb.
     0 | D:1      | Reached XP level 1. HP: 10/10 MP: 3/3
    66 | D:1      | Reached skill level 3 in Stealth
    73 | D:1      | Reached XP level 2. HP: 15/15 MP: 0/5
   267 | D:1      | Learned a level 2 spell: Passwall
   468 | D:1      | Reached XP level 3. HP: 19/19 MP: 5/7
   618 | D:1      | Learned a level 3 spell: Stone Arrow
   685 | D:1      | You pick up a book of Air and begin reading...
   685 | D:1      | You add the spells Shock, Swiftness and Airstrike to your
                  | library.
  1320 | D:2      | Reached XP level 4. HP: 24/24 MP: 5/8
  1328 | D:2      | Reached skill level 1 in Short Blades
  1328 | D:2      | Reached skill level 3 in Spellcasting
  1342 | D:1      | Reached skill level 4 in Stealth
  1342 | D:1      | Reached skill level 1 in Conjurations
  1561 | D:2      | Noticed Terence
  1576 | D:1      | HP: 6/24 [Terence/+0 mace of holy wrath (4)]
  1606 | D:2      | HP: 1/24 [gnoll/+0 spear (7)]
  1616 | D:2      | HP: 1/24 [rat (3)]
  1729 | D:2      | You pick up a book of Armaments and begin reading...
  1729 | D:2      | You add the spells Animate Armour and Lehudib's Crystal
                  | Spear to your library.
  1744 | D:2      | Reached XP level 5. HP: 28/28 MP: 6/9
  1817 | D:2      | Reached skill level 2 in Short Blades
  2085 | D:2      | Reached skill level 4 in Earth Magic
  2152 | D:2      | Reached skill level 2 in Conjurations
  2213 | D:2      | Found a runed translucent door.
  2216 | D:2      | Noticed Crazy Yiuf
  2579 | D:3      | Noticed Grinder
  2627 | D:3      | Killed Grinder
  2628 | D:3      | Reached skill level 1 in Fighting
  2628 | D:3      | Reached skill level 3 in Short Blades
  2628 | D:3      | Reached XP level 6. HP: 21/34 MP: 2/11
  2849 | D:3      | Reached XP level 7. HP: 39/39 MP: 9/12
  3035 | D:3      | Reached skill level 2 in Fighting
  3165 | D:3      | You pick up a book of Geomancy and begin reading...
  3315 | D:3      | Reached skill level 5 in Stealth
  3454 | D:3      | HP: 6/40 [kobold brigand/+0 club (7)]
  3455 | D:3      | Slain by a kobold brigand

Vanquished Creatures
  Grinder (D:3)
  An orc priest (D:3)
  An orc wizard (D:3)
  9 gnolls
  3 adders
  3 worms (D:2)
  3 dart slugs
  3 orcs (D:3)
  6 bats
  4 endoplasms
  3 giant cockroaches (D:1)
  7 goblins
  11 hobgoblins
  3 quokkas
  2 ball pythons (D:2)
  2 frilled lizards (D:1)
  10 kobolds
  7 rats
79 creatures vanquished.

Table legend:
 A = Non-vault XP
 B = Vault XP
 C = Vault XP percentage of total XP
 D = Non-vault monster count
 E = Vault monster count
 F = Vault count percentage of total count
                 A         B        C        D         E       F
            +---------+---------+-------+---------+---------+-------
      Total |     352 |     298 |  45.8 |      67 |      12 |  15.2
            +---------+---------+-------+---------+---------+-------
        D:1 |      65 |       3 |   4.4 |      29 |       2 |   6.5
        D:2 |     134 |       0 |   0.0 |      23 |       0 |   0.0
        D:3 |     153 |     295 |  65.8 |      15 |      10 |  40.0
            +---------+---------+-------+---------+---------+-------

Illustrated notes

Table legend:
 A = Kills in this place as a percentage of kills in entire the game.
 B = Kills by you in this place as a percentage of kills by you in the entire game.
 C = Kills by friends in this place as a percentage of kills by friends in the entire game.
 D = Other kills in this place as a percentage of other kills in the entire game.
 E = Experience gained in this place as a percentage of experience gained in the entire game.
 F = Experience gained in this place divided by the number of levels of this place that you have seen.
                   A       B       C       D       E      F
               +-------+-------+-------+-------+-------+----------------------
         Total | 100.0 | 100.0 |   N/A |   N/A | 100.0 | 216.7
       Dungeon | 100.0 | 100.0 |   N/A |   N/A | 100.0 | 216.7
               +-------+-------+-------+-------+-------+----------------------

Table legend: (Time is in decaauts)
 A = Elapsed time spent in this place.
 B = Non-inter-level travel time spent in this place.
 C = Inter-level travel time spent in this place.
 D = Time resting spent in this place.
 E = Time spent auto-exploring this place.
 F = Levels seen in this place.
 G = Mean time per level.
                   A        B        C        D        E       F      G
               +--------+--------+--------+--------+--------+-----+--------+
         Total |   3524 |   3389 |    135 |    493 |   2359 |   3 | 1174.7 |
       Dungeon |   3524 |   3389 |    135 |    493 |   2359 |   3 | 1174.7 |
               +--------+--------+--------+--------+--------+-----+--------+

Top non-repeatable levels by time:
     D:1: 1426 daAuts
     D:3: 1098 daAuts
     D:2: 1000 daAuts
